 Dungeon Crawl Stone Soup version 0.23.2-1-ga50397a6bc (webtiles) character file.

Game seed: 3947925415944937082

95 Ishchenko the Insei (level 4, -4/35 HPs)
             Began as a Human Monk on Apr 14, 2019.
             Killed by divine providence
             ... invoked by an orc priest
              (10 damage)
             ... on level 3 of the Dungeon.
             The game lasted 00:07:13 (2311 turns).

Ishchenko the Insei (Human Monk)                    Turns: 2311, Time: 00:07:16

Health: -4/35      AC:  5    Str: 11 (13) XL:     4   Next: 97%
Magic:  3/3        EV: 11    Int:  8 (10) God:
Gold:   115        SH:  0    Dex: 12 (15) Spells: 3/3 levels left

rFire    . . .     SeeInvis .     - Unarmed
rCold    . . .     Gourm    .   (no shield)
rNeg     . . .     Faith    .   l - +0 ring mail
rPois    .         Spirit   .   (no helmet)
rElec    .         Reflect  .   (no cloak)
rCorr    .         Harm     .   (no gloves)
MR       .....     Clarity  +   (no boots)
Stlth    +.........             (no amulet)
HPRegen  0.11/turn              (no ring)
MPRegen  0.08/turn              (no ring)

@: no status effects
A: clarity, low mp 1, MP-powered wands
a: no special abilities


You were on level 3 of the Dungeon.
You were hungry.

You visited 1 branch of the dungeon, and saw 3 of its levels.

You collected 115 gold pieces.

Inventory:

Armour
 l - a +0 ring mail (worn)
Scrolls
 c - a scroll of fog {unknown}
 e - 2 scrolls of teleportation {unknown}
 g - 2 scrolls of identify {unknown}
 j - 4 scrolls of amnesia {unknown}
Potions
 a - a potion of magic
Comestibles
 b - 6 rations


   Skills:
 + Level 3.3 Fighting
 + Level 0.5 Armour
 + Level 3.6 Dodging
 + Level 2.3 Stealth
 + Level 4.1 Unarmed Combat


You had 3 spell levels left.
You didn't know any spells.
Your spell library was empty.

Dungeon Overview and Level Annotations

Branches:
Dungeon (3/15)

Altars:
Okawaru


Innate Abilities, Weirdness & Mutations

You possess an exceptional clarity of mind.
Your magical capacity is low. (-10% MP)
You expend magic power (3 MP) to strengthen your wands.


Message History

The bat hits you but does no damage. The orc hits you but does no damage.
The orc priest miscasts a cantrip.
The bat barely misses you.
You closely miss the orc priest.
The orc priest is heavily wounded.
The bat barely misses you. The orc misses you.
The orc priest hits you with a +0 whip.
* * * LOW HITPOINT WARNING * * *
You hit the orc priest.
The orc priest is severely wounded.
The bat hits you but does no damage. The orc priest hits you with a +0 whip.
* * * LOW HITPOINT WARNING * * *
The orc hits you but does no damage.
You closely miss the orc priest.
The orc priest is heavily wounded.
The bat hits you.
* * * LOW HITPOINT WARNING * * *
The orc priest calls down the wrath of Beogh upon you.
Beogh smites you!
You die...

≈≈≈ #.. .# ####
#≈###.# #+#+ .#.#
##.#.##.#?.# #.#.#
#.#.#
#.#.#>.....+#.#.#.
#.#.#
#.#.......#.#.#.#
..#.#
#..†.#....#.#.#.
#.#.#+...###!...#.#.#
#.#[............#.#.
#o@b.#.).).#....#.#
#.#.o##.._..##..#.#.
#. +...#.).).#..#.#.#
#. #.............#.#.
# .#+...###....#.#)#
.# ....#....#.#.#. ##
#.......#.#.#.#
#.#...#.#.#.#.
#.#.#$#.#.#.#


You could see an orc priest, an orc and a bat.

Vanquished Creatures
  3 adders (D:2)
  A worm (D:2)
  2 orcs (D:3)
  A ball python (D:2)
  9 giant cockroaches
  4 hobgoblins
  12 jackals
  4 bats
  2 frilled lizards
  6 goblins
  8 kobolds
  5 rats
57 creatures vanquished.

Notes
Turn   | Place    | Note
-------+----------+-------------------------------------------
     0 | D:1      | Ishchenko the Human Monk began the quest for the Orb.
     0 | D:1      | Reached XP level 1. HP: 18/18 MP: 1/1
   176 | D:1      | Reached XP level 2. HP: 24/24 MP: 2/2
   844 | D:2      | Reached XP level 3. HP: 27/29 MP: 3/3
  1272 | D:2      | Reached XP level 4. HP: 29/35 MP: 4/4
  1636 | D:2      | Reached skill level 4 in Unarmed Combat
  1831 | D:2      | Found a faded altar of an unknown god.
  2256 | D:3      | Found an iron altar of Okawaru.
  2285 | D:3      | Gained mutation: Your magical capacity is low. (-10% MP)
                  | [potion of mutation]
  2285 | D:3      | Gained mutation: You expend magic power (3 MP) to
                  | strengthen your wands. [potion of mutation]
  2285 | D:3      | Gained mutation: You possess an exceptional clarity of
                  | mind. [potion of mutation]
  2311 | D:3      | Killed from afar by an orc priest

Skill      XL: |  1  2  3  4 |
---------------+-------------+-----
Unarmed Combat | 4 |  4.1
Fighting       | |  3.3
Armour         | |  0.5
Dodging        | |  3.6
Stealth        | |  2.3

Action                   |  1- 3 |  4- 6 || total
-------------------------+-------+-------++-------
Melee: Unarmed           |   138 |   136 ||   274
       Punch             |     2 |       ||     2
  Use: Potion            |       |     6 ||     6
 Stab: Sleeping          |     5 |     2 ||     7
  Eat: Chunk             |     1 |     3 ||     4
Armor: Robe              |    11 |       ||    11
       Ring mail         |    14 |    53 ||    67
       Skin              |       |     6 ||     6
Dodge: Dodged            |    90 |   103 ||   193
